 Dungeon Crawl Stone Soup version 0.25-a0-425-g0e000e855e (webtiles) character file.

Game seed: 9793741433184753942, levelgen mode: deterministic

257 Elellon the Conjurer (level 5, 0/28 HPs)
             Began as a Deep Elf Conjurer on Jan 24, 2020.
             Was an Initiate of Vehumet.
             Succumbed to a scorpion's poison
             ... on level 4 of the Dungeon.
             The game lasted 00:08:19 (4183 turns).

Elellon the Conjurer (Deep Elf Conjurer)            Turns: 4183, Time: 00:08:19

Health: 0/28       AC:  3    Str:  6    XL:     5   Next: 93%
Magic:  3/15       EV: 13    Int: 20    God:    Vehumet [......]
Gold:   169        SH:  0    Dex: 15    Spells: 13/16 levels left

rFire    . . .     SeeInvis .   x - +0 short sword
rCold    . . .     Gourm    .   (no shield)
rNeg     . . .     Faith    .   a - +0 robe
rPois    .         Spirit   .   (no helmet)
rElec    .         Reflect  .   q - scarf {cloud immunity}
rCorr    .         Harm     .   n - +0 pair of gloves
MR       .....                  (no boots)
Stlth    ++........             (no amulet)
HPRegen  0.09/turn              (no ring)
MPRegen  0.14/turn              (no ring)

@: lethally poisoned (0 -> -7)
A: no striking features
a: Renounce Religion


You were on level 4 of the Dungeon.
You worshipped Vehumet.
Vehumet was noncommittal.
You were not hungry.

You visited 2 branches of the dungeon, and saw 5 of its levels.

You collected 169 gold pieces.

Inventory:

Hand Weapons
 x - a +0 short sword (weapon)
Armour
 a - a +0 robe (worn)
 n - a +0 pair of gloves (worn)
 q - a scarf of cloud immunity (worn)
Jewellery
 p - an uncursed ring of fire {unknown}
 r - an uncursed amulet of rage {unknown}
 z - an uncursed amulet of regeneration {unknown}
Scrolls
 b - 2 scrolls of enchant weapon {unknown}
 h - 2 scrolls of fear {unknown}
 i - a scroll of remove curse {unknown}
 j - 4 scrolls of teleportation {unknown}
 l - 2 scrolls of identify {unknown}
 t - a scroll of enchant armour {unknown}
 u - a scroll of immolation {unknown}
 w - a scroll of blinking {unknown}
 y - a scroll of amnesia {unknown}
Potions
 d - 3 potions of heal wounds {unknown}
 e - a potion of lignification {unknown}
 f - 3 potions of curing {unknown}
 g - a potion of degeneration {unknown}
 k - a potion of cancellation {unknown}
 m - a potion of flight {unknown}
 o - a potion of ambrosia {unknown}
 s - a potion of agility {unknown}
 v - a potion of mutation {unknown}
Comestibles
 c - 5 rations
 A - a chunk of flesh


   Skills:
 - Level 2.4 Dodging
 - Level 2.4 Stealth
 + Level 6.2 Spellcasting
 + Level 6.4 Conjurations


You had 13 spell levels left.
You knew the following spells:

 Your Spells              Type           Power        Failure   Level  Hunger
a - Magic Dart            Conj           ####         1%          1    None
b - Searing Ray           Conj           ####..       1%          2    None

Your spell library contained the following spells:

 Spells                   Type           Power        Failure   Level  Hunger
 Conjure Flame            Conj/Fire      ###.....     9%          3    ##.....
 Dazzling Flash           Conj/Hex       ###...       9%          3    ##.....
 Mephitic Cloud           Conj/Pois/Air  ##......     13%         3    ##.....
 Blink                    Tloc           N/A          16%         2    None
 Call Imp                 Summ           #.......     16%         2    None
 Slow                     Hex            #.......     16%         2    None
 Fulminant Prism          Conj/Hex       ###.......   26%         4    ####...
 Iskenderun's Mystic Bla  Conj/Tloc      ###.....     26%         4    ####...


Dungeon Overview and Level Annotations

Branches:
Dungeon (4/15)             Temple (1/1) D:4

Altars:
Ashenzari
Cheibriados
Dithmenos
Elyvilon
Fedhas
Gozag
Hepliaklqana
Kikubaaqudgha
Makhleb
Nemelex Xobeh
Okawaru
Qazlal
Ru
Sif Muna
Trog
Uskayaw
Vehumet
Wu Jian
Xom
Zin
The Shining One


Message History

Press: ? - help, Shift-Dir - straight line, f - scorpion
Aim: a scorpion The searing ray misses the scorpion. (Press . to maintain the ray.)
The scorpion stings you but does no damage.
The searing ray hits the scorpion!
The scorpion is heavily wounded.
The scorpion stings you!
* * * LOW HITPOINT WARNING * * *
You are lethally poisoned!
The scorpion poisons you!
The searing ray hits the scorpion.
The scorpion is heavily wounded.
* * * LOW HITPOINT WARNING * * *
You feel sick.
The scorpion stings you but does no damage.
The searing ray hits the scorpion.
The scorpion is almost dead.
You finish channeling your searing ray.
You die...

###....#..##...........
##.........###..........
.......#....#...........
........................
.....(#.#..#............
.....(.....#............
.....#...#....#.....##..
...#..)(...#.....######.
#.....@.....#.#.# #.
...#...s)..#.....# ...
##...#.).#........ ....
#.............#... ....
##...#.#.....##... ...
..........### ..
##....#..... .. .....
...... .. ..


You could see a scorpion.

Vanquished Creatures
  A centaur (D:4)
  A bullfrog skeleton (D:4)
  A howler monkey skeleton (D:4)
  2 adders
  2 oozes (D:1)
  A dart slug (D:1)
  3 leopard geckos
  17 orcs
  3 giant cockroaches
  5 goblins
  9 hobgoblins
  5 jackals
  A quokka (Temple)
  A ball python (D:1)
  12 bats
  2 frilled lizards
  A jackal skeleton (D:4)
  9 kobolds
  A quokka skeleton (D:4)
  16 rats
93 creatures vanquished.

Notes
Turn   | Place    | Note
-------+----------+-------------------------------------------
     0 | D:1      | Elellon the Deep Elf Conjurer began the quest for the Orb.
     0 | D:1      | Reached XP level 1. HP: 10/10 MP: 6/6
   328 | D:1      | Reached XP level 2. HP: 15/15 MP: 4/8
   843 | D:1      | Reached skill level 5 in Conjurations
   902 | D:1      | Reached XP level 3. HP: 17/19 MP: 8/10
  1641 | D:2      | Learned a level 2 spell: Searing Ray
  1650 | D:2      | You fall into a shaft and drop 1 floor!
  1926 | D:2      | Reached XP level 4. HP: 24/24 MP: 10/12
  2476 | D:2      | Found a faded altar of an unknown god.
  2974 | D:3      | Reached skill level 5 in Spellcasting
  3794 | D:4      | Reached XP level 5. HP: 28/28 MP: 10/15
  3939 | D:4      | Found a staircase to the Ecumenical Temple.
  3944 | D:4      | Noticed a centaur
  3955 | Temple   | Entered the Ecumenical Temple
  4158 | Temple   | Became a worshipper of Vehumet
  4179 | D:4      | Killed a centaur
  4182 | D:4      | HP: 1/28 [poisoned by a scorpion]
  4183 | D:4      | Succumbed to a scorpion's poison

Levels and vault maps discovered:
D:1:      kennysheep_arrival_seaside, layout_loops_corners
D:2:      minmay_chambers_of_twos, layout_basic,
          chequers_ecumenical_altar_twisty, first_ration, chequers_mini_garden
D:3:      minmay_diamond_boxcup, layout_rooms
D:4:      layout_cave_pools, minmay_temple_entry_sparse_star
Temple:   compressed_dpeg_circular_temple

Skill      XL: |  1  2  3  4  5 |
---------------+----------------+-----
Spellcasting   | 4 5 6 |  6.2
Conjurations   | 5 6 |  6.4
Dodging        | |  2.4
Stealth        | |  2.4

Action                   |  1- 3 |  4- 6 || total
-------------------------+-------+-------++-------
 Cast: Magic Dart        |    87 |    87 ||   174
       Searing Ray       |       |    11 ||    11
  Eat: Chunk             |     3 |     7 ||    10
Armor: Robe              |     2 |     5 ||     7
Dodge: Dodged            |    13 |    21 ||    34

Table legend:
 A = Non-vault XP
 B = Vault XP
 C = Vault XP percentage of total XP
 D = Non-vault monster count
 E = Vault monster count
 F = Vault count percentage of total count
                 A         B        C        D         E       F
            +---------+---------+-------+---------+---------+-------
      Total |     343 |      25 |   6.8 |      80 |      13 |  14.0
            +---------+---------+-------+---------+---------+-------
        D:1 |      41 |       0 |   0.0 |      19 |       0 |   0.0
        D:2 |      41 |      14 |  25.5 |      17 |       8 |  32.0
        D:3 |      78 |      11 |  12.4 |      34 |       5 |  12.8
        D:4 |     181 |       0 |   0.0 |       9 |       0 |   0.0
     Temple |       2 |       0 |   0.0 |       1 |       0 |   0.0
            +---------+---------+-------+---------+---------+-------
